 Dungeon Crawl Stone Soup version 0.30-a0-639-g3916f1956a (webtiles) character file.

Game seed: 8957473994474155303

19113 ryw the Protected (level 12, -11/108 HPs)
             Began as an Armataur Gladiator on Jan 15, 2023.
             Was an Elder of Qazlal.
             Mangled by a death yak (16 damage)
             ... on level 2 of the Lair of Beasts.
             The game lasted 00:28:39 (16900 turns).

ryw the Protected (Armataur Gladiator)             Turns: 16900, Time: 00:28:40

Health: -11/108    AC: 23    Str: 23    XL:     12   Next: 33%
Magic:  0/12       EV:  6    Int:  8    God:    Qazlal [****..]
Gold:   806        SH: 17    Dex: 19    Spells: 11/11 levels left

rFire   . . .      SeeInvis .    v - +0 morningstar
rCold   + . .      Faith    .    j - +0 kite shield
rNeg    + + .      Spirit   +    J - +2 plate armour {rC+}
rPois   +          Reflect  .    c - +2 helmet
rElec   .          Harm     .    s - +2 ratskin cloak {*Rats rPois rN+ Str-1 Int-1 Dex+1}
rCorr   .          Roll     +    (no gloves)
Will    .....                    (no barding) Stlth
                                 u - amulet of guardian spirit
HPRegen 0.38/turn                b - ring of positive energy
MPRegen 0.13/turn                m - +6 ring of dexterity

@: repel missiles
A: large, rugged brown scales 3, deformed body, armoured tail, roll, long
tongue, awkward tongue
a: Renounce Religion, Upheaval, Elemental Force


You were on level 2 of the Lair of Beasts.
You worshipped Qazlal.
Qazlal was greatly pleased with you.
You visited 3 branches of the dungeon, and saw 15 of its levels.

You collected 806 gold pieces.

Inventory:

Hand Weapons
 v - a +0 morningstar (weapon)
 H - a +3 dire flail
 I - the +7 falchion "Kepleruo" {speed, rF+ Will+}
   (You took it off an orc wizard on level 10 of the Dungeon)

   rF:        It protects you from fire.
   Will:      It increases your willpower.
Missiles
 e - a javelin
 L - 18 poisoned darts (quivered)
Armour
 c - a +2 helmet (worn)
 j - a +0 kite shield (worn)
 s - the +2 ratskin cloak (worn) {*Rats rPois rN+ Str-1 Int-1 Dex+1}
   (You found it on level 3 of the Dungeon)

   *Rats:     When the wearer is hurt, rats may emerge from it to assist them.
   Str:       It affects your strength (-1).
   Int:       It affects your intelligence (-1).
   Dex:       It affects your dexterity (+1).
   rPois:     It protects you from poison.
   rN:        It protects you from negative energy.
 J - a +2 plate armour of cold resistance (worn)
Jewellery
 b - a ring of positive energy (left hand)
 g - a ring of protection from cold
 m - a +6 ring of dexterity (right hand)
 u - an amulet of guardian spirit (around neck)
 B - a +6 ring of dexterity
 M - a ring of magical power
Wands
 a - a wand of paralysis (18)
 E - a wand of flame (45)
 F - a wand of mindburst (10)
 G - a wand of acid (1)
 K - a wand of roots (13)
Scrolls
 h - 3 scrolls of blinking
 i - 2 scrolls of fog
 l - 4 scrolls of fear
 p - 7 scrolls of teleportation
 q - 4 scrolls of enchant weapon
 w - 2 scrolls of summoning
 x - 9 scrolls of identify
 y - a scroll of magic mapping
Potions
 f - 3 potions of mutation
 k - a potion of ambrosia
 n - a potion of flight
 o - 2 potions of cancellation
 r - 7 potions of curing
 t - a potion of magic
 z - a potion of might
 A - a potion of brilliance
 C - 2 potions of attraction
 D - a potion of haste
 N - 2 potions of heal wounds
Miscellaneous
 d - a condenser vane


   Skills:
 + Level 8.0 Fighting
 + Level 8.2 Maces & Flails
 + Level 7.8 Throwing
 * Level 13.7 Armour
 - Level 3.0 Dodging
 + Level 9.5 Shields


You had 11 spell levels left.
You didn't know any spells.
Your spell library contained the following spells:

 Spells                   Type           Power      Damage    Failure   Level
 Foxfire                  Conj/Fire      0%         2x1d4     100%        1
 Magic Dart               Conj           0%         1d3       100%        1
 Sandblast                Erth           0%         2d4       100%        1
 Sting                    Tmut/Pois      0%         1d3       100%        1
 Call Imp                 Summ           0%         N/A       100%        2
 Cigotuvi's Dreadful Rot  Necr/Pois/Air  0%         N/A       100%        2
 Ensorcelled Hibernation  Hex/Ice        0%         N/A       100%        2
 Lesser Beckoning         Tloc           0%         N/A       100%        2
 Passwall                 Tmut/Erth      0%         N/A       100%        2
 Poisonous Vapours        Pois/Air       0%         N/A       100%        2
 Scorch                   Fire           0%         2d5       100%        2
 Sublimation of Blood     Necr           0%         N/A       100%        2
 Wereblood                Tmut           0%         N/A       100%        2
 Gell's Gravitas          Tloc           0%         N/A       100%        3
 Ignite Poison            Fire/Tmut/Pois 0%         N/A       100%        3
 Kindle Blastsparks       Fire/Tloc/Air  0%         2d10      100%        3
 Mephitic Cloud           Conj/Pois/Air  0%         N/A       100%        3
 Portal Projectile        Hex/Tloc       0%         N/A       100%        3
 Stone Arrow              Conj/Erth      0%         3d7       100%        3
 Swiftness                Air            0%         N/A       100%        3
 Teleport Other           Tloc           0%         N/A       100%        3
 Tukima's Dance           Hex            0%         N/A       100%        3
 Vhi's Electric Charge    Tloc/Air       0%         N/A       100%        3
 Olgreb's Toxic Radiance  Pois           0%         N/A       100%        4
 Alistair's Intoxication  Tmut/Pois      0%         N/A       100%        5
 Blade Hands              Tmut           0%         N/A       100%        5
 Borgnjor's Vile Clutch   Necr/Erth      0%         N/A       100%        5
 Freezing Cloud           Conj/Ice/Air   0%         6-21      100%        5
 Conjure Ball Lightning   Conj/Air       0%         3x3d6     100%        6
 Eringya's Noxious Bog    Tmut/Pois      0%         N/A       100%        6
 Ozocubu's Refrigeration  Ice            0%         4d7       100%        7
 Summon Hydra             Summ           0%         N/A       100%        7
 Ignition                 Fire           0%         3d3       100%        8
 Maxwell's Capacitive Co  Air            0%         ∞         100%        8


Dungeon Overview and Level Annotations

Branches:
Dungeon (11/15)            Temple (1/1) D:6            Lair (3/5) D:8
  Snake (0/4) Lair:2          Orc (0/2) D:11
  Swamp: Lair:2-3    Shoals: Lair:2-3

Altars:
Ashenzari
Cheibriados
Dithmenos
Elyvilon
Fedhas
Gozag
Hepliaklqana
Kikubaaqudgha
Makhleb
Nemelex Xobeh
Okawaru
Qazlal
Ru
Sif Muna
Trog
Uskayaw
Vehumet
Wu Jian
Xom
Yredelemnul
Zin
The Shining One

Shops:
D:8 *

Annotations:
D:8 exclusion: ice statue
Lair:2 1 transporter, Figabreb's ghost, journeyman DgIE


Innate Abilities, Weirdness & Mutations

You are completely covered in rugged brown scales. (AC +3, +7% HP)
Armour fits poorly on your strangely shaped body.
You have a long armoured tail.
You roll when moving toward enemies. (Rampage)
Your long tongue fully drains potion bottles. (2x potion effects)
Your tongue gives you trouble enunciating. (1.5x scroll delay)


Message History

The death yak gores you but does no damage.
You hit the death yak but do no damage.
The death yak is moderately wounded.
The death yak gores you!
You are too injured to fight recklessly!
You are too injured to fight recklessly!
You are too injured to fight recklessly!
You puncture the death yak!
The death yak is heavily wounded.
The death yak gores you but does no damage.
You block the death yak's attack.
You puncture the death yak!
The death yak is severely wounded.
You block the death yak's attack.
You hit the death yak but do no damage.
The death yak is severely wounded.
The death yak gores you!
You sock the death yak!
The death yak is severely wounded.
The death yak gores you!!
* * * LOW HITPOINT WARNING * * *
You puncture the death yak!
The death yak is almost dead.
The death yak gores you!
* * * LOW HITPOINT WARNING * * *
A river rat scurries out from under your cloak.
You hit the death yak but do no damage.
The death yak is almost dead.
The death yak gores you!
* * * LOW HITPOINT WARNING * * *
The death yak gores you but does no damage.
Your river rat bites the death yak.
You barely miss the death yak.
The death yak is almost dead.
You block the death yak's attack.
You barely miss the death yak.
The death yak is almost dead.
Your river rat barely misses the death yak.
The death yak gores you!
You die...

..# #......## ..### ###
#.......#
....########.########......##
...........................#
...........................#
..<...)..........).........#
...........................##
...............○°r†.........#
...............§@Y○........P#
###.....##P.######P#.......##
2©#©..#.##### ####......#
i##.....## #.......##
##....P..# #........#
......#.P# ##.......###
.........# ###.~~~~~....#
##......## #P.~~~~~~~...###
i##.....# ##.~~~...~~~~..P#


You could see a death yak (ally target) and a friendly river rat.

Vanquished Creatures
  Amaemon (Lair:1)
  An ugly thing (D:11)
  A manticore (D:11)
  A rust devil (Lair:2)
  Joseph (Lair:1)
  A gargoyle (D:11)
  5 cane toads
  4 black mambas
  An orange demon (Lair:1)
  An unseen horror (D:11)
  4 komodo dragons
  2 trolls
  A polar bear (Lair:1)
  3 slime creatures (D:10)
  5 blink frogs
  Sigmund (D:4)
  4 wraiths
  12 yaks
  A basilisk (Lair:2)
  3 wyverns
  2 steam dragons
  2 nagas (Lair:2)
  2 water moccasins
  5 orc warriors
  Duvessa (D:5)
  An ice beast (D:5)
  9 wolves
  The ghost of Vylera the Chopper, an amateur DsGl of Jiyva (D:4)
  2 centaurs (D:8)
  A phantom (D:4)
  2 kobold brigands
  2 bullfrogs
  3 gnoll sergeants
  A necrophage (D:7)
  5 scorpions
  A wyvern skeleton (D:4)
  A wight (D:4)
  Dowan (D:5)
  10 killer bees
  7 electric eels (Lair:1)
  A crimson imp (D:5)
  2 hounds (D:4)
  2 jellies
  A gnoll bouda (D:6)
  5 orc priests
  Crazy Yiuf (D:2)
  A centaur skeleton (D:4)
  An iguana (D:7)
  26 orc wizards
  A killer bee zombie (D:4)
  Robin (D:2)
  17 gnolls
  7 adders
  2 shadow imps
  2 white imps
  A worm (D:3)
  2 dart slugs
  43 orcs
  3 endoplasms
  2 giant cockroaches
  10 goblins
  6 hobgoblins
  8 jackals (D:1)
  16 kobolds
  5 quokkas
  8 ball pythons
  4 bats
  6 frilled lizards
  7 rats
  A butterfly (D:11)
304 creatures vanquished.

Vanquished Creatures (collateral kills)
  2 two-headed ogres (D:9)
  A gargoyle (D:11)
  3 yaks (D:9)
  A necrophage (D:4)
  2 killer bees (D:7)
  A jelly (D:7)
  An orc wizard (D:9)
  2 gnolls
  3 orcs
16 creatures vanquished.

Vanquished Creatures (others)
  8 fungi
  16 plants
24 creatures vanquished.

Grand Total: 344 creatures vanquished

Notes
Turn   | Place    | Note
-------+----------+-------------------------------------------
     0 | D:1      | ryw the Armataur Gladiator began the quest for the Orb.
     0 | D:1      | Reached XP level 1. HP: 18/18 MP: 1/1
    69 | D:1      | Reached XP level 2. HP: 22/25 MP: 2/2
   155 | D:1      | Reached skill level 1 in Armour
   200 | D:1      | Found a faded altar of an unknown god.
   501 | D:1      | Reached XP level 3. HP: 31/31 MP: 3/3
  1010 | D:2      | Found a runed translucent door.
  1011 | D:2      | Noticed Crazy Yiuf
  1339 | D:2      | Noticed Robin
  1551 | D:2      | Killed Robin
  1552 | D:2      | Reached XP level 4. HP: 15/39 MP: 4/4
  2245 | D:3      | Found an iron altar of Okawaru.
  2255 | D:3      | Reached skill level 2 in Armour
  2406 | D:3      | Found the +2 ratskin cloak {*Rats rPois rN+ Str-1 Int-1
                  | Dex+1}
  2945 | D:4      | Noticed a necrophage
  3039 | D:4      | Noticed a phantom
  3050 | D:4      | Killed a phantom
  3051 | D:4      | Reached XP level 5. HP: 39/44 MP: 5/5
  3085 | D:4      | Reached skill level 3 in Armour
  3085 | D:4      | Reached skill level 1 in Shields
  3248 | D:4      | Reached XP level 6. HP: 53/54 MP: 6/6
  3500 | D:4      | Found a transporter.
  3642 | D:4      | Noticed Sigmund
  3664 | D:4      | Killed Sigmund
  3665 | D:4      | Reached skill level 4 in Armour
  3665 | D:4      | Reached XP level 7. HP: 16/60 MP: 7/7
  3838 | D:4      | Found a transporter.
  3838 | D:4      | Noticed Vylera's ghost (amateur DsGl)
  4006 | D:5      | Entered Level 5 of the Dungeon
  4053 | D:5      | Noticed Duvessa
  4053 | D:5      | Noticed Dowan
  4096 | D:5      | Killed Duvessa
  4112 | D:5      | Killed Dowan
  4185 | D:5      | Reached skill level 5 in Armour
  4885 | D:5      | Noticed a steam dragon
  4900 | D:5      | Killed a steam dragon
  4901 | D:5      | Reached XP level 8. HP: 53/70 MP: 8/8
  4969 | D:5      | Reached skill level 6 in Armour
  5327 | D:6      | Found a staircase to the Ecumenical Temple.
  5335 | Temple   | Entered the Ecumenical Temple
  5506 | Temple   | Became a worshipper of Qazlal Stormbringer
  6204 | D:6      | Found a glowing golden altar of the Shining One.
  6524 | D:7      | Reached skill level 7 in Armour
  6659 | D:7      | Reached skill level 5 in Maces & Flails
  7087 | D:7      | Reached XP level 9. HP: 71/78 MP: 7/9
  7090 | D:7      | Reached * piety under Qazlal
  7097 | D:7      | Reached skill level 5 in Fighting
  7339 | D:7      | Reached skill level 8 in Armour
  7573 | D:7      | Found a hazy altar of Hepliaklqana.
  7720 | D:7      | Found an ancient bone altar of Kikubaaqudgha.
  7723 | D:7      | Reached skill level 5 in Shields
  7729 | D:7      | Found a radiant altar of Vehumet.
  7753 | D:7      | Found a shimmering blue altar of Sif Muna.
  8036 | D:8      | Reached skill level 5 in Throwing
  8058 | D:8      | Found an opulent altar of Gozag.
  8088 | D:8      | Found a staircase to the Lair.
  8462 | D:8      | Noticed an ice statue
  8681 | D:8      | Found Gozag's Platinum Reserve.
  8687 | D:8      | Identified the +0 cloak of Sif Muna's Regard {-Tele Rampage
                  | rElec Will+}
  8839 | D:9      | Noticed a +0 dagger
  8839 | D:9      | Noticed a +0 dagger
  8839 | D:9      | Found a hide-covered altar of Uskayaw.
  8867 | D:9      | Found an ornate altar of the Wu Jian Council.
  8889 | D:9      | Noticed a two-headed ogre
  8912 | D:9      | Reached skill level 9 in Armour
  8917 | D:9      | Killed a two-headed ogre
  8921 | D:9      | Reached XP level 10. HP: 10/88 MP: 1/10
  9177 | D:9      | Found a glowing silver altar of Zin.
  9205 | D:9      | Noticed a two-headed ogre
  9209 | D:9      | Killed a two-headed ogre
  9210 | D:9      | Reached skill level 10 in Armour
  9619 | D:9      | Reached ** piety under Qazlal
  9705 | D:9      | Got the Compilation of Causimancy and Electrocution
 10002 | D:9      | Found a faded altar of an unknown god.
 10002 | D:9      | Found a bloodstained altar of Trog.
 10010 | D:9      | Found a snail-covered altar of Cheibriados.
 10012 | D:9      | Found a faded altar of an unknown god.
 10014 | D:9      | Found a burning altar of Makhleb.
 10066 | D:10     | Entered Level 10 of the Dungeon
 10370 | D:10     | Identified the +7 falchion "Kepleruo" {speed, rF+ Will+}
 10638 | D:10     | Reached skill level 11 in Armour
 11017 | D:11     | Noticed a cyan ugly thing
 11028 | D:11     | Killed a cyan ugly thing
 11127 | D:11     | Reached XP level 11. HP: 97/97 MP: 11/11
 11724 | D:11     | Reached *** piety under Qazlal
 11775 | D:11     | Found a staircase to the Orcish Mines.
 12831 | D:2      | Killed Crazy Yiuf
 12933 | D:4      | Killed Vylera's ghost
 12934 | D:4      | Reached skill level 12 in Armour
 13162 | Lair:1   | Entered Level 1 of the Lair of Beasts
 13548 | Lair:1   | Noticed Joseph
 13564 | Lair:1   | Killed Joseph
 14377 | Lair:1   | Noticed Amaemon
 14399 | Lair:1   | Killed Amaemon
 15232 | Lair:1   | Reached skill level 13 in Armour
 15243 | Lair:2   | Found a sacrificial altar of Ru.
 15289 | Lair:2   | Noticed a rakshasa
 15303 | Lair:2   | Reached XP level 12. HP: 105/108 MP: 10/12
 15323 | Lair:2   | Noticed Figabreb's ghost (journeyman DgIE)
 15331 | Lair:2   | Found a transporter.
 15527 | Lair:2   | Found a transporter.
 16004 | Lair:2   | Found a staircase to the Snake Pit.
 16059 | Lair:2   | Reached **** piety under Qazlal
 16381 | Lair:2   | HP: 3/108 [hellion (4)]
 16867 | Lair:3   | Noticed a death yak
 16867 | Lair:3   | Noticed a death yak
 16867 | Lair:3   | Noticed a death yak
 16878 | Lair:3   | Noticed a death yak
 16880 | Lair:3   | Noticed a death yak
 16897 | Lair:2   | HP: 4/108 [death yak (8)]
 16900 | Lair:2   | Mangled by a death yak

Illustrated notes

Levels and vault maps discovered:
D:1:      heliophobic_arrival_enchanted_forest, layout_loops_ring,
          ebering_ecumenical_altar_petrified
D:2:      layout_loops_ring, uniq_crazy_yiuf_cottage, uniq_robin
D:3:      layout_loops_ring, okawaru_trees_1
D:4:      layout_loops_ring, gammafunk_ghost_mausoleum, uniq_sigmund
D:5:      layout_rooms, minmay_fire_ice_demons, uniq_duvessa
D:6:      layout_basic, nicolae_tso_carved_into_rock, temple_statues
D:7:      layout_layer_cave, palyth_temple_overflow_mages, lemuel_round_altar,
          serial_glass, glass_columns_a, glass_columns_b
D:8:      lemuel_ice_statue, layout_gridville, nicolae_gozag_zags_fifth_avenue,
          dpeg_oklobed_lair
D:9:      nicolae_cairo_tiling_large_dashed, layout_small_grid,
          nicolae_wu_jian_wuxing_cycle, dancing_weapons_uskayaw,
          chequers_temple_overflow_minitemple,
          mainiacjoe_overflow_small_starburst, mrwooster_statue_mirror
D:10:     layout_basic
D:11:     layout_stronghold, orc_0_dummy, hangedman_glass_garden
Temple:   nicolae_temple_bog_church
Lair:1:   layout_chaotic_city, serial_bayou_lake_a, uniq_amaemon, uniq_joseph
Lair:2:   layout_big_grid, guppyfry_snake_entry_island,
          gammafunk_ghost_abyssal_escape, basic_altar
Lair:3:   layout_small_grid, palyth_hydra_swamp_entry, infiniplex_staircase_pool

Skill      XL: |  1  2  3  4  5  6  7  8  9 10 11 12 |
---------------+-------------------------------------+-----
Fighting       | 2 3 4 5 6 7 8 |  8.0
Throwing       | 2 3 4 5 6 7 |  7.8
Armour         | 1 2 3 4 5 7 9 11 13 | 13.7
Maces & Flails | 3 4 5 6 7 8 |  8.2
Shields        | 1 2 3 4 6 7 9 |  9.5
Dodging        | 3 |  3.0

Action                   |  1- 3 |  4- 6 |  7- 9 | 10-12 || total
-------------------------+-------+-------+-------+-------++-------
Melee: Flail             |   134 |   140 |    97 |       ||   371
       Tailslap          |     8 |    16 |    45 |   107 ||   176
       Morningstar       |       |       |   237 |   613 ||   850
       Punch             |       |       |    11 |       ||    11
Throw: Throwing net      |     1 |       |     2 |     4 ||     7
       Javelin           |       |       |       |    17 ||    17
       Dart              |       |       |       |    22 ||    22
  Use: Scroll            |    10 |     5 |     6 |     4 ||    25
       Potion            |     1 |       |     6 |     3 ||    10
 Stab: Held in net/web   |     1 |       |     1 |     2 ||     4
       Invisible         |       |       |     2 |       ||     2
Armor: Leather armour    |     5 |       |       |       ||     5
       Ring mail         |    65 |       |       |       ||    65
       Plate armour      |       |   136 |   235 |   331 ||   702
       Skin              |       |       |    24 |       ||    24
Dodge: Dodged            |    77 |    28 |   112 |   105 ||   322
Block: Kite shield       |       |       |    36 |   556 ||   592
       Other             |       |       |     2 |       ||     2

Table legend: (Time is in decaauts)
 A = Elapsed time spent in this place.
 B = Non-inter-level travel time spent in this place.
 C = Inter-level travel time spent in this place.
 D = Time resting spent in this place.
 E = Time spent auto-exploring this place.
 F = Levels seen in this place.
 G = Mean time per level.
                   A        B        C        D        E       F      G
               +--------+--------+--------+--------+--------+-----+--------+
         Total |  17256 |  16418 |    838 |   3301 |   9819 |  15 | 1150.4 |
       Dungeon |  13414 |  12647 |    767 |   1856 |   8236 |  11 | 1219.5 |
        Temple |    178 |    162 |     16 |      0 |    153 |   1 |  178.0 |
          Lair |   3663 |   3608 |     55 |   1445 |   1430 |   3 | 1221.0 |
               +--------+--------+--------+--------+--------+-----+--------+

Top non-repeatable levels by time:
  Lair:1: 2131 daAuts
    D:11: 1604 daAuts
     D:7: 1539 daAuts
  Lair:2: 1454 daAuts
     D:4: 1264 daAuts
     D:8: 1243 daAuts
     D:5: 1242 daAuts
     D:6: 1208 daAuts
     D:1: 1141 daAuts
     D:2: 1072 daAuts
     D:9: 1071 daAuts
    D:10: 1068 daAuts
     D:3: 959 daAuts
  Temple: 178 daAuts
  Lair:3: 78 daAuts
